 Dungeon Sprint DCSS version 0.31-a0-66-ge618eeaa78 (webtiles) character file.

Game seed: 3003874578008085056

9044 fozzywoppz the Imperceptible (level 11, -13/63 HPs)
             Began as a Spriggan Enchanter on May 22, 2023.
             Was the Champion of Sif Muna.
             Mangled by a blink frog (16 damage)
             ... in the Dungeon (Sprint III: "The Ten Rune Challenge").
             The game lasted 00:11:04 (1411 turns).

fozzywoppz the Imperceptible (Spriggan Enchanter)   Turns: 1411, Time: 00:11:05

Health: -13/63     AC:  4    Str:  6    XL:     11   Next: 17%
Magic:  17/21      EV: 30    Int: 17    God:    Sif Muna [******]
Gold:   1605       SH:  0    Dex: 18    Spells: 10/18 levels left

rFire   . . .        a - +1 dagger
rCold   + + .        (no shield)
rNeg    . . .        q - +2 robe {rC+}
rPois   .            (helmet restricted)
rElec   .            (no cloak)
rCorr   .            (gloves unavailable)
SInv    +            (boots unavailable)
Will    +....        (no amulet)
Stlth   ++++++++     (no ring)
HPRegen 0.30/turn    (no ring)
MPRegen 0.17/turn

%: no teleportation, random rage (3%)
@: on berserk cooldown, slowed, quick
A: very small, no large weapons, unfitting armour, see invisible, speed 3,
berserk 1, cold resistance 1
a: Renounce Religion, Channel Magic, Forget Spell, Divine Exegesis


You were in the Dungeon.
You worshipped Sif Muna.
Sif Muna was exalted by your worship.
You visited 1 branch You collected 1767 gold pieces.
You spent 162 gold pieces at shops.

Inventory:

Hand Weapons
 a - a +1 dagger (weapon)
 e - a +0 short sword
 j - the +11 quarterstaff of Disharmony {freeze, rN+ Str+2 Dex+2}
   (You bought it in a shop in the Dungeon)

   Str:       It affects your strength (+2).
   Dex:       It affects your dexterity (+2).
   rN:        It protects you from negative energy.
Missiles
 d - 4 stones (quivered)
Armour
 b - a +0 robe
 q - a +2 robe of cold resistance (worn)
Wands
 n - a wand of flame (17)
Scrolls
 k - a scroll of identify
Potions
 c - a potion of invisibility
 f - a potion of haste
 g - 2 potions of magic
 h - 2 potions of berserk rage
 l - a potion of degeneration {unknown}
 m - 2 potions of enlightenment
 p - a potion of resistance {unknown}
Miscellaneous
 o - a box of beasts


   Skills:
 - Level 10.0 Fighting
 - Level 10.0 Short Blades
 + Level 17.0 Dodging
 + Level 22.0 Stealth
 - Level 4.0 Spellcasting
 - Level 5.0 Hexes
 + Level 12.7 Invocations


You had 10 spell levels left.
You knew the following spells:

 Your Spells              Type           Power      Damage    Failure   Level
a - Ensorcelled Hibernat  Hex/Ice        20%        N/A       11%         2
b - Confusing Touch       Hex            20%        N/A       6%          3
c - Tukima's Dance        Hex            20%        N/A       6%          3

Your spell library contained the following spells:

 Spells                   Type           Power      Damage    Failure   Level
 Slow                     Hex            80%        N/A       1%          1
 Beastly Appendage        Tmut           6%         N/A       16%         1
 Necrotise                Necr           12%        1d4       16%         1
 Kiss of Death            Conj/Necr      4%         2d5       19%         1
 Shock                    Conj/Air       4%         1d3       19%         1
 Dazzling Flash           Conj/Hex       20%        N/A       21%         3
 Searing Ray              Conj           6%         2d4       24%         2
 Sublimation of Blood     Necr           3%         N/A       24%         2
 Vampiric Draining        Necr           3%         2d6       43%         3
 Hailstorm                Conj/Ice       1%         3d3       50%         3
 Leda's Liquefaction      Hex/Erth       5%         N/A       56%         4
 Animate Dead             Necr           3%         N/A       83%         4
 Dispel Undead            Necr           3%         3d7       83%         4
 Metabolic Englaciation   Hex/Ice        5%         N/A       88%         5
 Silence                  Hex/Air        5%         N/A       88%         5
 Summon Mana Viper        Hex/Summ       10%        N/A       88%         5
 Yara's Violent Unravell  Hex/Tmut       5%         3d4       88%         5
 Irradiate                Conj/Tmut      0%         3d11      99%         5
 Summon Forest            Summ/Tloc      0%         N/A       99%         5
 Summon Cactus Giant      Summ           1%         N/A       100%        6
 Dragon Form              Tmut           1%         N/A       100%        7
 Haunt                    Necr/Summ      0%         N/A       100%        7
 Discord                  Hex            10%        N/A       100%        8
 Lehudib's Crystal Spear  Conj/Erth      0%         10d2      100%        8
 Chain Lightning          Conj/Air       0%         2d1       100%        9


Dungeon Overview and Level Annotations

Branches:
Dungeon (1/1)

Altars:
Cheibriados
Dithmenos
Elyvilon
Fedhas
Gozag
Hepliaklqana
Kikubaaqudgha
Makhleb
Nemelex Xobeh
Okawaru
Qazlal
Ru
Sif Muna
Trog
Uskayaw
Vehumet
Wu Jian
Xom
Yredelemnul
Zin
The Shining One
Jiyva
Lugonu

Shops:
D (


Innate Abilities, Weirdness & Mutations

You are very small and have problems with some larger weapons.
You are too small for most types of armour.
You have supernaturally acute eyesight. (SInv)
You cover ground extremely quickly. (Speed+++)
You sometimes lose your temper in combat.
Your flesh is cold resistant. (rC+)


Message History

You see here a cane toad skeleton.
The blink frog barely misses you. The blink frog completely misses you.
There is an open door, spattered with blood here.
You enter the shallow water.
Moving in this stuff is going to be slow.
The blink frog blinks!
There's a creature in the doorway!
The blink frog attacks as you move away!
The blink frog closely misses you. The blink frog barely misses you.
The blink frog attacks as you move away!
The blink frog completely misses you. The blink frog misses you.
The blink frog completely misses you.
The blink frog attacks as you move away!
The blink frog misses you.
The blink frog blinks!
The blink frog completely misses you. The blink frog hits you.
* * * LOW HITPOINT WARNING * * *
Unknown command.
Okay, then.
You barely miss the blink frog. The blink frog completely misses you.
The blink frog barely misses you.
Unknown command.
You hit the blink frog.
The blink frog is lightly wounded.
The blink frog completely misses you. x2
You hit the blink frog.
The blink frog is moderately wounded.
The blink frog barely misses you. The blink frog misses you.
You hit the blink frog.
The blink frog is moderately wounded.
The blink frog completely misses you. x2
You hit the blink frog.
The blink frog is heavily wounded.
The blink frog misses you. The blink frog completely misses you.
You miss the blink frog.
The blink frog is heavily wounded.
The blink frog barely misses you. The blink frog misses you.
You hit the blink frog.
The blink frog is heavily wounded.
The blink frog completely misses you. The blink frog hits you!
You die...

##...'.⌠........#)##.##..###
##†..#...######'#)##...###
#....#.⌠.#__#...#'###############
.....#...#__#...#.)..#)#)#)....#.
.....#'###__#...##.#.)#.##.###.#.
..†..#.))#__#...'##.#.#.##.#).##^
#....#___#__'...#.).#..#..##.)'^^
▓▓▓▓▓▓▓▓▓▓▓▓▓▓▓▓▓▓▓▓▓▓▓▓▓▓▓▓▓▓#..
~≈ ♣.....♣♣♣♣~~F@F......~~~...#^.
§.♣♣.≈≈≈≈'♣♣'♣≈≈≈≈≈≈≈≈≈≈≈≈♣♣P.'..
§§§'.§..†#F§♣♣♣♣♣♣♣♣♣♣♣♣♣♣♣♣PP#..
§§♣♣♣♣♣♣♣#..♣♣ ♣♣♣##+ ~≈
###+♣♣♣♣♣♣♣♣♣♣♣♣♣♣♣ ##
♣♣♣♣†##..##~~~~~≈..# ,
♣...##†##.#~~~~≈D..# +
♣♣.##†##†##+~~~≈≈#
♣..#.##...#~†......


You could see 2 blink frogs.

Vanquished Creatures
  Erolcha (D)
  2 orc high priests (D)
  Urug (D)
  A lindwurm (D)
  An orc knight (D)
  A deep elf pyromancer (D)
  2 cane toads (D)
  A rime drake (D)
  A komodo dragon (D)
  2 tyrant leeches (D)
  3 wandering mushrooms (D)
  3 blink frogs (D)
  A shadow (D)
  5 redbacks (D)
  A spatial vortex (D)
  5 orc warriors (D)
  A swamp drake (D)
  5 two-headed ogres (D)
  A necrophage (D)
  A scorpion (D)
  A water elemental (D)
  An electric eel (D)
  An orc priest (D)
  A jelly (D)
  A wizard (D)
  An orc wizard (D)
  A necromancer (D)
  A kobold demonologist (D)
  3 humans (D)
  8 orcs (D)
  An endoplasm (D)
  3 rats (D)
62 creatures vanquished.

Notes
Turn   | Place    | Note
-------+----------+-------------------------------------------
     0 | D        | fozzywoppz the Spriggan Enchanter began the quest for the
                  | Orb.
     0 | D        | Reached XP level 1. HP: 9/9 MP: 5/5
    42 | D        | Reached skill level 5 in Stealth
    49 | D        | Noticed a scorpion
    61 | D        | Killed a scorpion
    62 | D        | Reached skill level 8 in Stealth
    62 | D        | Reached skill level 5 in Hexes
    62 | D        | Reached XP level 2. HP: 5/13 MP: 6/8
    62 | D        | Reached XP level 3. HP: 6/16 MP: 6/9
   102 | D        | Learned a level 2 spell: Ensorcelled Hibernation
   106 | D        | Learned a level 3 spell: Confusing Touch
   110 | D        | Learned a level 3 spell: Tukima's Dance
   146 | D        | Reached skill level 9 in Stealth
   146 | D        | Reached XP level 4. HP: 21/21 MP: 8/11
   159 | D        | Gained mutation: Your body sometimes deteriorates upon
                  | taking damage. [potion of mutation]
   159 | D        | Gained mutation: You are partially covered in iridescent
                  | scales. (AC +2) [potion of mutation]
   160 | D        | Lost mutation: You are partially covered in iridescent
                  | scales. (AC +2) [potion of mutation]
   160 | D        | Lost mutation: Your body sometimes deteriorates upon taking
                  | damage. [potion of mutation]
   160 | D        | Gained mutation: You sometimes lose your temper in combat.
                  | [potion of mutation]
   161 | D        | Lost mutation: You sometimes lose your temper in combat.
                  | [potion of mutation]
   161 | D        | Gained mutation: You are weak. (Str -2) [potion of
                  | mutation]
   161 | D        | Gained mutation: You passively map a small area around you.
                  | [potion of mutation]
   161 | D        | Gained mutation: You have sharp toenails. [potion of
                  | mutation]
   162 | D        | Lost mutation: You are weak. (Str -2) [potion of mutation]
   162 | D        | Lost mutation: You have sharp toenails. [potion of
                  | mutation]
   162 | D        | Lost mutation: You passively map a small area around you.
                  | [potion of mutation]
   162 | D        | Gained mutation: Your flesh is cold resistant. (rC+)
                  | [potion of mutation]
   162 | D        | Gained mutation: You sometimes lose your temper in combat.
                  | [potion of mutation]
   168 | D        | Noticed a water elemental
   181 | D        | Killed a water elemental
   182 | D        | Reached skill level 11 in Stealth
   182 | D        | Reached XP level 5. HP: 6/24 MP: 12/12
   255 | D        | Found a radiant altar of Vehumet.
   255 | D        | Found a shimmering blue altar of Sif Muna.
   255 | D        | Found an ancient bone altar of Kikubaaqudgha.
   260 | D        | Reached skill level 12 in Stealth
   277 | D        | Became a worshipper of Sif Muna the Loreminder
   286 | D        | Found a glowing silver altar of Zin.
   286 | D        | Found a glowing golden altar of the Shining One.
   286 | D        | Found a white marble altar of Elyvilon.
   287 | D        | Noticed a deep elf pyromancer
   289 | D        | Killed a deep elf pyromancer
   290 | D        | Reached skill level 15 in Dodging
   290 | D        | Reached skill level 15 in Stealth
   290 | D        | Reached skill level 1 in Fighting
   290 | D        | Reached XP level 6. HP: 30/30 MP: 13/13
   290 | D        | Reached XP level 7. HP: 33/33 MP: 14/14
   294 | D        | Found a hide-covered altar of Uskayaw.
   294 | D        | Found an iron altar of Okawaru.
   294 | D        | Found a bloodstained altar of Trog.
   294 | D        | Found an ornate altar of the Wu Jian Council.
   294 | D        | Noticed a human
   295 | D        | Noticed a human
   305 | D        | Killed a human
   308 | D        | Killed a human
   308 | D        | Reached * piety under Sif Muna
   318 | D        | Found a basalt altar of Yredelemnul.
   318 | D        | Found a shadowy altar of Dithmenos.
   318 | D        | Found a sacrificial altar of Ru.
   338 | D        | Reached skill level 5 in Short Blades
   404 | D        | Noticed a shadow
   406 | D        | Killed a shadow
   406 | D        | Reached ** piety under Sif Muna
   407 | D        | Reached XP level 8. HP: 42/42 MP: 15/15
   411 | D        | Reached skill level 5 in Invocations
   413 | D        | Found a blossoming altar of Fedhas.
   413 | D        | Found a stormy altar of Qazlal.
   413 | D        | Found a snail-covered altar of Cheibriados.
   413 | D        | Found a burning altar of Makhleb.
   413 | D        | Found a shimmering altar of Xom.
   414 | D        | Found a hazy altar of Hepliaklqana.
   414 | D        | Found an opulent altar of Gozag.
   414 | D        | Found a sparkling altar of Nemelex Xobeh.
   414 | D        | Found a corrupted altar of Lugonu.
   414 | D        | Found a viscous altar of Jiyva.
   533 | D        | Reached skill level 5 in Fighting
   534 | D        | Reached *** piety under Sif Muna
   540 | D        | Noticed a two-headed ogre
   543 | D        | Killed a two-headed ogre
   547 | D        | Noticed a two-headed ogre
   547 | D        | Noticed Erolcha
   549 | D        | Killed Erolcha
   550 | D        | Reached skill level 16 in Stealth
   550 | D        | Reached XP level 9. HP: 49/49 MP: 16/16
   550 | D        | Killed a two-headed ogre
   550 | D        | Reached **** piety under Sif Muna
   551 | D        | Reached skill level 17 in Stealth
   616 | D        | Noticed an orc high priest
   618 | D        | Noticed an orc knight
   618 | D        | Noticed an orc high priest
   629 | D        | Killed an orc high priest
   629 | D        | Reached ***** piety under Sif Muna
   630 | D        | Reached skill level 10 in Short Blades
   630 | D        | Reached skill level 18 in Stealth
   635 | D        | Received a gift from Sif Muna
   636 | D        | Got Itusmit's Encyclopedia of the Salvo {god gift}
   639 | D        | Killed an orc knight
   640 | D        | Reached XP level 10. HP: 18/56 MP: 9/18
   647 | D        | Noticed a sixfirhy
   658 | D        | Killed an orc high priest
   659 | D        | Reached skill level 19 in Stealth
   659 | D        | Reached skill level 10 in Invocations
   669 | D        | Received a gift from Sif Muna
   829 | D        | Got Sif Muna's Guide on the Flashy Switch {god gift}
   835 | D        | Found Xopraxit's Antique Weapon Shop.
   866 | D        | Bought a crystal quarterstaff for 162 gold pieces
   866 | D        | Identified the +11 quarterstaff of Disharmony {freeze, rN+
                  | Str+2 Dex+2} (You bought it in a shop in the Dungeon)
   923 | D        | Received a gift from Sif Muna
   926 | D        | Got Gaoh's Essays on Unlucky Debased Acts {god gift}
   938 | D        | Reached skill level 20 in Stealth
   988 | D        | Noticed a cane toad
   988 | D        | Noticed a cane toad
   998 | D        | Killed a cane toad
  1106 | D        | Killed a cane toad
  1214 | D        | Reached skill level 10 in Fighting
  1216 | D        | Noticed a lindwurm
  1220 | D        | Killed a lindwurm
  1221 | D        | Reached skill level 21 in Stealth
  1227 | D        | Received a gift from Sif Muna
  1228 | D        | Noticed Urug
  1230 | D        | Got Sif Muna's Disquisition on Bewitchment and Death {god
                  | gift}
  1233 | D        | Killed Urug
  1234 | D        | Reached XP level 11. HP: 63/63 MP: 19/21
  1238 | D        | Noticed a seven-headed hydra
  1238 | D        | Noticed a five-headed hydra
  1320 | D        | Reached ****** piety under Sif Muna
  1388 | D        | Received a gift from Sif Muna
  1389 | D        | Reached skill level 22 in Stealth
  1396 | D        | HP: 1/63 [blink frog (14)]
  1404 | D        | HP: 2/63 [blink frog (3)]
  1411 | D        | Mangled by a blink frog

Illustrated notes

Levels and vault maps discovered:
D:        dungeon_sprint_mu [sprint_mu_entry_cave, sprint_mu_temple_rooms,
          sprint_mu_d1_spiders, sprint_mu_d2_genie, sprint_mu_d3_branching,
          sprint_mu_orc_legion, sprint_mu_elf_gauntlet, sprint_mu_hive_nellie,
          sprint_mu_lair_fedhas, sprint_mu_vaults_butterflies,
          sprint_mu_slime_circle, sprint_mu_swamp_cave, sprint_mu_shoals_archi,
          sprint_mu_blade_basic, sprint_mu_crypt_lich, sprint_mu_tomb_spiral,
          sprint_mu_vestibule_basic, sprint_mu_gehenna_hellfire,
          sprint_mu_dis_giant, sprint_mu_tartarus_statrot,
          sprint_mu_cocytus_islands, sprint_mu_zot1]

Skill      XL: |  1  2  3  4  5  6  7  8  9 10 11 |
---------------+----------------------------------+-----
Dodging        | 6 7 8 15 16 17 | 17.0
Spellcasting   | 4 |  4.0
Hexes          | 5 |  5.0
Stealth        | 8 9 11 15 16 18 21 22 | 22.0
Fighting       | 1 4 6 8 10 | 10.0
Short Blades   | 2 5 8 10 | 10.0
Invocations    | 4 7 9 12 | 12.7

Action                     |  1- 3 |  4- 6 |  7- 9 | 10-12 || total
---------------------------+-------+-------+-------+-------++-------
  Melee: Dagger            |    23 |    10 |    60 |   132 ||   225
         Punch             |       |       |       |     1 ||     1
   Cast: Ensorcelled Hiber |     1 |       |     5 |    11 ||    17
         Confusing Touch   |       |       |     3 |     8 ||    11
    Use: Potion            |     1 |     5 |       |     2 ||     8
         Scroll            |       |       |     3 |     1 ||     4
   Stab: Sleeping          |     3 |     3 |    13 |    13 ||    32
         Confused          |       |       |     4 |     6 ||    10
         Invisible         |       |       |       |     7 ||     7
 Armour: Robe              |     2 |       |     2 |     5 ||     9
  Dodge: Dodged            |    15 |     2 |    24 |   123 ||   164

Table legend: (Time is in decaauts)
 A = Elapsed time spent in this place.
 B = Non-inter-level travel time spent in this place.
 C = Inter-level travel time spent in this place.
 D = Time resting spent in this place.
 E = Time spent auto-exploring this place.
 F = Levels seen in this place.
 G = Mean time per level.
                   A        B        C        D        E       F      G
               +--------+--------+--------+--------+--------+-----+--------+
         Total |   1202 |   1202 |      0 |    646 |      0 |   1 | 1202.0 |
       Dungeon |   1202 |   1202 |      0 |    646 |      0 |   1 | 1202.0 |
               +--------+--------+--------+--------+--------+-----+--------+

Top non-repeatable levels by time:
       D: 1202 daAuts
